 Dungeon Crawl Stone Soup version 0.31.0-11-ge490571c62 (webtiles) character file.

Game seed: 4963546780651890748

2509713 SlowGraham the Conqueror (level 27, 179/189 (199) HPs)
             Began as a Gargoyle Hexslinger on Jan 27, 2024.
             Was an Initiate of Gozag.
             Escaped with the Orb
             ... and 4 runes!
             The game lasted 05:41:33 (64831 turns).

SlowGraham the Conqueror (Gargoyle Hexslinger)     Turns: 64831, Time: 05:41:33

HP:   179/189 (199) AC: 66    Str: 21    XL:     27
MP:   8/8           EV: 11    Int: 21    God:    Gozag
Gold: 9256          SH: 29    Dex:  9    Spells: 28/28 levels left

rFire   + + .        L - +9 broad axe (antimagic)
rCold   . . .        K - +2 tower shield {AC+3}
rNeg    + + +        h - +5 plate armour of Immorality {rElec rN+ Dex-2 Slay+3}
rPois   ∞            C - +2 helmet {SInv}
rElec   +            m - +4 dragonskin cloak
rCorr   +            M - +0 pair of fencer's gloves {Riposte Dex+3}
SInv    +            x - +0 pair of boots of Hubris {rN+ Will+ Int+4}
Will    ++++.        F - amulet of reflection Stlth
                     g - ring "Poasocume" {rF+ Will+ rCorr}
HPRegen 0.51/turn    O - ring "Kasemil" {rF+ AC+4 Slay+3}
MPRegen 0.11/turn

%: reflection
@: flying, studying 4 skills, drained
A: sickness immunity, AC +20, big wings, negative energy resistance 1,
electricity resistance, torment resistance 1, petrification resistance, clumsy
2, weak 1, subdued magic 1, noise suppression
0: Orb of Zot
}: 4/15 runes: serpentine, barnacled, slimy, silver
a: Renounce Religion, Potion Petition, Call Merchant, Bribe Branch


You escaped.
You worshipped Gozag.
Gozag was greatly pleased with you.
You visited 12 branches of the dungeon, and saw 54 of its levels.
You visited 1 ziggurat, and saw 13 of its levels.
You also visited: Gauntlet.

You collected 37390 gold pieces.
You spent 6746 gold pieces at shops.
You paid 21388 gold pieces to Gozag.

Inventory:

Hand Weapons
 a - the +16 obsidian axe {drain, demonic, Mesm ^Drain Fly SInv}
   (You found it on level 14 of the Dungeon)

   Mesm:      Its wielder is mesmerised by any visible foes, and it cannot be
   unequipped while any foes are visible.
   SInv:      It lets you see invisible.
   Fly:       It grants you flight.
   ^Drain:    It drains your maximum health when unequipped.
 b - a +4 sling of freezing
 e - a +7 broad axe of flaming
 j - a +9 vampiric broad axe
 L - a +9 antimagic broad axe (weapon)
Missiles
 t - 45 boomerangs (quivered)
 v - 21 javelins
 Z - 6 throwing nets
Armour
 h - the +5 plate armour of Immorality (worn) {rElec rN+ Dex-2 Slay+3}
   (You took it off a deep elf blademaster on level 3 of the Elven Halls)

   Dex-2:     It affects your dexterity (-2).
   Slay+3:    It affects your accuracy & damage with ranged weapons and melee
   (+3).
   rElec:     It insulates you from electricity.
   rN+:       It protects you from negative energy.
 m - the +4 dragonskin cloak (worn)
   (You took it off Tiamat on level 2 of the Realm of Zot)

   Avatar's Aegis: It grants the wearer a chance to resist fire, cold, poison,
   electricity, acid, and negative energy.
 x - the +0 pair of boots of Hubris (worn) {rN+ Will+ Int+4}
   (You bought it in a shop on level 4 of the Vaults)

   Int+4:     It affects your intelligence (+4).
   rN+:       It protects you from negative energy.
   Will+:     It increases your willpower.
 C - a +2 helmet of see invisible (worn)
 K - a +2 tower shield of protection (worn)
 M - the +0 pair of fencer's gloves (worn) {Riposte Dex+3}
   (You acquired it on level 4 of the Vaults)

   Riposte:   It allows the wearer to riposte with melee weapons, swiftly
   retaliating against missed or blocked melee attacks.
   Dex+3:     It affects your dexterity (+3).
Jewellery
 c - the ring of Miracles {rC+ rN+ Dex+3}
   (You found it on level 4 of the Depths)

   [ring of protection from cold]

   Dex+3:     It affects your dexterity (+3).
   rC+:       It protects you from cold.
   rN+:       It protects you from negative energy.
 g - the ring "Poasocume" (left hand) {rF+ Will+ rCorr}
   (You bought it in a shop on level 4 of the Depths)

   [ring of protection from fire]

   rF+:       It protects you from fire.
   Will+:     It increases your willpower.
   rCorr:     It protects you from acid and corrosion.
 r - an amulet of regeneration
 y - the ring "Fosekesk" {Fly Slay+6}
   (You found it on level 9 of a ziggurat)

   [ring of flight]

   Slay+6:    It affects your accuracy & damage with ranged weapons and melee
   (+6).
   Fly:       It grants you flight.
 F - an amulet of reflection (around neck)
 O - the ring "Kasemil" (right hand) {rF+ AC+4 Slay+3}
   (You bought it in a shop on level 6 of the Dungeon)

   [ring of protection]

   AC+4:      It affects your AC (+4).
   Slay+3:    It affects your accuracy & damage with ranged weapons and melee
   (+3).
   rF+:       It protects you from fire.
Wands
 l - a wand of light (45)
 s - a wand of charming (83)
 z - a wand of mindburst (101)
 D - a wand of digging (33)
Scrolls
 d - 9 scrolls of poison
 k - 5 scrolls of revelation
 n - 14 scrolls of immolation
 p - 13 scrolls of enchant armour
 q - 4 scrolls of silence {!r}
 u - 9 scrolls of torment
 B - 10 scrolls of blinking
 P - 15 scrolls of fog
 R - 3 scrolls of butterflies
 T - 20 scrolls of teleportation
 X - 6 scrolls of fear
Potions
 f - a potion of heal wounds
 i - 14 potions of mutation
 o - 3 potions of resistance
 w - 9 potions of invisibility
 E - 8 potions of enlightenment
 G - 2 potions of ambrosia
 H - 12 potions of haste
 J - 8 potions of cancellation
 Q - 36 potions of curing
 S - 3 potions of might
 V - 10 potions of attraction
Miscellaneous
 A - a condenser vane (inert)
 I - a phantom mirror (inert)
 N - a sack of spiders (inert)
 U - a phial of floods
 W - the horn of Geryon (inert)
 Y - a lightning rod (3/4)


   Skills:
 O Level 27 Fighting
 - Level 16.2(18.0) Axes
 - Level 14.0(17.6) Maces & Flails
 + Level 16.7 Ranged Weapons
 + Level 22.3 Armour
 + Level 12.5 Dodging
 - Level 24.0 Shields
 - Level 1.0 Spellcasting
 - Level 2.6 Hexes
 - Level 1.0 Fire Magic
 + Level 25.8 Evocations


You had 28 spell levels left.
You didn't know any spells.
Your spell library contained the following spells:

 Spells                   Type           Power      Damage    Failure   Level
 Jinxbite                 Hex            18%        N/A       47%         2
 Ensorcelled Hibernation  Hex/Ice        10%        N/A       67%         2
 Apportation              Tloc           0%         N/A       71%         1
 Freeze                   Ice            0%         1d3       71%         1
 Kiss of Death            Conj/Necr      0%         2d5       71%         1
 Magic Dart               Conj           0%         1d3       71%         1
 Necrotise                Necr           0%         1d4       71%         1
 Shock                    Conj/Air       0%         1d3       71%         1
 Sting                    Conj/Alch      0%         1d3       71%         1
 Summon Small Mammal      Summ           0%         N/A       71%         1
 Confusing Touch          Hex            9%         N/A       71%         3
 Sigil of Binding         Hex            9%         N/A       71%         3
 Tukima's Dance           Hex            9%         N/A       71%         3
 Inner Flame              Hex/Fire       6%         N/A       83%         3
 Blink                    Tloc           0%         N/A       85%         2
 Call Imp                 Summ           0%         N/A       85%         2
 Mercury Vapours          Alch/Air       0%         N/A       85%         2
 Searing Ray              Conj           0%         2d4       85%         2
 Dazzling Flash           Conj/Hex       10%        N/A       88%         3
 Volatile Blastmotes      Fire/Tloc      4%         2d10      95%         3
 Call Canine Familiar     Summ           0%         N/A       97%         3
 Frozen Ramparts          Ice            0%         1d1       97%         3
 Fugue of the Fallen      Necr           0%         N/A       97%         3
 Gell's Gravitas          Tloc           0%         N/A       97%         3
 Hailstorm                Conj/Ice       0%         3d5       97%         3
 Mephitic Cloud           Conj/Alch/Air  0%         N/A       97%         3
 Ozocubu's Armour         Ice            0%         N/A       97%         3
 Passwall                 Erth           0%         N/A       97%         3
 Stone Arrow              Conj/Erth      0%         3d7       97%         3
 Summon Ice Beast         Ice/Summ       0%         N/A       97%         3
 Swiftness                Air            0%         N/A       97%         3
 Teleport Other           Tloc           0%         N/A       97%         3
 Vampiric Draining        Necr           0%         2d6       97%         3
 Cause Fear               Hex            4%         N/A       98%         4
 Anguish                  Hex/Necr       2%         N/A       99%         4
 Dimensional Bullseye     Hex/Tloc       2%         N/A       99%         4
 Animate Armour           Summ/Erth      0%         N/A       100%        4
 Dispel Undead            Necr           0%         3d6       100%        4
 Flame Wave               Conj/Fire      2%         2d4       100%        4
 Fulminant Prism          Conj/Alch      0%         3d5       100%        4
 Ignite Poison            Fire/Alch      2%         N/A       100%        4
 Iskenderun's Mystic Bla  Conj/Tloc      0%         2d3       100%        4
 Leda's Liquefaction      Alch/Erth      0%         N/A       100%        4
 Manifold Assault         Tloc           0%         N/A       100%        4
 Martyr's Knell           Necr/Summ      0%         N/A       100%        4
 Olgreb's Toxic Radiance  Alch           0%         N/A       100%        4
 Passage of Golubria      Tloc           0%         N/A       100%        4
 Petrify                  Alch/Erth      0%         N/A       100%        4
 Sticky Flame             Fire/Alch      2%         2d4       100%        4
 Summon Blazeheart Golem  Fire/Summ      2%         N/A       100%        4
 Summon Lightning Spire   Summ/Air       0%         N/A       100%        4
 Vhi's Electric Charge    Tloc/Air       0%         N/A       100%        4
 Alistair's Intoxication  Alch           0%         N/A       100%        5
 Arcjolt                  Conj/Air       0%         1d10      100%        5
 Curse of Agony           Necr           0%         N/A       100%        5
 Fireball                 Conj/Fire      1%         3d3       100%        5
 Freezing Cloud           Conj/Ice/Air   0%         6-21      100%        5
 Iskenderun's Battlesphe  Conj           0%         2d6       100%        5
 Lee's Rapid Deconstruct  Erth           0%         3d4*      100%        5
 Metabolic Englaciation   Hex/Ice        2%         N/A       100%        5
 Silence                  Hex/Air        2%         N/A       100%        5
 Summon Mana Viper        Hex/Summ       5%         N/A       100%        5
 Yara's Violent Unravell  Hex/Alch       2%         3d3       100%        5
 Bombard                  Conj/Erth      0%         9d1       100%        6
 Conjure Ball Lightning   Conj/Air       0%         3x3d6     100%        6
 Death Channel            Necr           0%         N/A       100%        6
 Dispersal                Tloc           0%         N/A       100%        6
 Plasma Beam              Fire/Air       1%         2x1d11    100%        6
 Sculpt Simulacrum        Ice/Alch       0%         N/A       100%        6
 Starburst                Conj/Fire      1%         6d3       100%        6
 Enfeeble                 Hex            4%         N/A       100%        7
 Haunt                    Necr/Summ      0%         N/A       100%        7
 Monstrous Menagerie      Summ           0%         N/A       100%        7
 Orb of Destruction       Conj           0%         9d5       100%        7
 Ozocubu's Refrigeration  Ice            0%         4d7       100%        7
 Spellforged Servitor     Conj/Summ      0%         N/A       100%        7
 Summon Hydra             Summ           0%         N/A       100%        7
 Discord                  Hex            4%         N/A       100%        8
 Disjunction              Tloc           0%         N/A       100%        8
 Infestation              Necr           0%         N/A       100%        8
 Lehudib's Crystal Spear  Conj/Erth      0%         10d2      100%        8
 Maxwell's Capacitive Co  Air            0%         ∞         100%        8
 Dragon's Call            Summ           0%         N/A       100%        9
 Cigotuvi's Dreadful Rot  Necr/Alch/Air  Unusable   N/A       N/A         2
 Sublimation of Blood     Necr           Unusable   N/A       N/A         2
 Animate Dead             Necr           Unusable   N/A       N/A         4

Dungeon Overview and Level Annotations

Branches:
Dungeon (15/15)            Temple (1/1) D:5            Lair (5/5) D:8
 Shoals (4/4) Lair:3        Snake (4/4) Lair:3        Slime (5/5) Lair:5
    Orc (2/2) D:10            Elf (3/3) Orc:2        Vaults (5/5) D:13
  Crypt (0/3) Vaults:3     Depths (4/4) D:15           Hell (visited)
    Dis (0/7) Hell            Geh (0/7) Hell            Coc (0/7) Hell
    Tar (0/7) Hell            Zot (5/5) Depths:4    Gauntlet (visited)

Altars:
Ashenzari
Cheibriados
Dithmenos
Elyvilon
Fedhas
Gozag
Hepliaklqana
Kikubaaqudgha
Makhleb
Nemelex Xobeh
Okawaru
Qazlal
Ru
Sif Muna
Trog
Uskayaw
Vehumet
Wu Jian
Xom
Yredelemnul
Zin
The Shining One
Jiyva
Lugonu

Shops:
D:4 (   D:6 =   D:7 ((   D:8 =[   D:9 (*   D:10 [[   D:15 =?   Orc:1 *
Orc:2 ![!(   Shoals:4 [   Snake:4 *   Vaults:1 [   Vaults:4 *   Zot:5 ?*
Depths:4 *=(

Portals:
Hell: Depths:1 Depths:2 Depths:3 Depths:4
Abyss: Depths:1 Depths:3
Pandemonium: Depths:2 Depths:3 Depths:4

Annotations:
Lair:5 Luam's ghost, journeyman OpFi
Zot:3 2 transporters
Zot:4 1 transporter


Innate Abilities, Weirdness & Mutations

You are immune to sickness and miasma.
Your stone body is resilient. (AC +20)
You are immune to poison.
Your large and strong wings let you fly.
You resist negative energy. (rN+)
You are resistant to electric shocks. (rElec)
You are resistant to unholy torment.
You are immune to petrification.
You are very clumsy. (Dex -4)
You are weak. (Str -2)
Your spells are a little easier to cast, but a little less powerful.
You passively dampen the noise of your surroundings.


Message History

You block the lorocyproca's attack.
You slice the lorocyproca!!
You kill the lorocyproca!
You now have 9221 gold pieces (gained 8).
A Brimstone Fiend comes into view.
The Brimstone Fiend gestures at you.
The sphere of damnation explodes!
The damnation engulfs you!! You block the Brimstone Fiend's attack.
You riposte.
You slice the Brimstone Fiend!!
The Brimstone Fiend's magic leaks into the air.
The Brimstone Fiend is moderately wounded.
The Brimstone Fiend completely misses you.
You block the Brimstone Fiend's attack.
You riposte.
You slice the Brimstone Fiend!!
The Brimstone Fiend's magic leaks into the air.
The Brimstone Fiend is heavily wounded.
You slash the Brimstone Fiend!
The Brimstone Fiend's magic leaks into the air.
The Brimstone Fiend is severely wounded.
You slash the Brimstone Fiend!
The Brimstone Fiend's magic leaks into the air.
The Brimstone Fiend is severely wounded.
The Brimstone Fiend hits you but does no damage.
You block the Brimstone Fiend's attack.
You riposte.
You hit the Brimstone Fiend but do no damage.
The Brimstone Fiend is severely wounded.
You block the Brimstone Fiend's attack.
You riposte.
You slash the Brimstone Fiend!
The Brimstone Fiend's magic leaks into the air.
The Brimstone Fiend is almost dead.
You barely miss the Brimstone Fiend.
The Brimstone Fiend is almost dead.
You block the Brimstone Fiend's attack.
You riposte.
You slice the Brimstone Fiend!!
You kill the Brimstone Fiend!
You now have 9238 gold pieces (gained 17).
You now have 9243 gold pieces (gained 5).
Things that are here:
a +0 glaive; a +0 plate armour You are no longer corroded.
You now have 9249 gold pieces (gained 6).
Things that are here:
a +0 dagger; a +2 robe of positive energy You now have 9256 gold pieces (gained 7).
There is a stone staircase leading up here.
You fly upwards.
There is a stone staircase leading down here.
There is an open door here.
There is a staircase leading out of the dungeon here.
You have escaped!

###.##.....#..##.####........#
#...###....###.....##.####.#
###.#..##..#.#######.##.# #.#
..#........#.........##.# #.#
#.#####.>..#.#.#.#.####.# #.#
#.# ####..#.#.#.#.# #.# #.#
#.# #...#.#.#.## #.####.## #.#
#.##.#.#.#.# #.......# ..#
#...#.#@#.## ######### ###
####.#.#.#.# #.#.#.#.##
##.#.#.#.# #########


There were no monsters in sight!

Vanquished Creatures
  6 pandemonium lords
  the Royal Jelly (Slime:5)
  2 dread liches (Zot:5)
  Tiamat (Zot:2)
  2 ancient liches (Zot:5)
  6 orbs of fire
  A juggernaut (Depths:4)
  Vv (Depths:4)
  6 Killer Klowns
  Boris (twice) (Depths:2 Depths:3)
  5 caustic shrikes
  2 curse toes
  18 golden dragons
  Norris (Elf:2)
  2 Brimstone Fiends
  3 bone dragons (Zig:12)
  2 Tzitzimimeh
  2 hellephants
  A doom hound (Zig:12)
  3 electric golems
  A Hell Sentinel (Zig:10)
  A walking crystal tome (Depths:2)
  23 tentacled monstrosities
  Jorgrun (D:15)
  21 Orb Guardians
  A walking earthen tome (Depths:4)
  Zenata (Vaults:4)
  Mlioglotl (Snake:4)
  2 tainted leviathans
  2 deep elf master archers (Elf:3)
  3 liches
  A deep elf blademaster (Elf:3)
  2 Ice Fiends
  A walking frostbound tome (Depths:4)
  8 titans (Vaults:5)
  Asterion (Snake:4)
  5 sphinxes
  6 death cobs
  9 quicksilver dragons
  7 searing wretches
  An ancient champion (Hell)
  2 krakens (Shoals:4)
  13 acid blobs
  Agnes (D:15)
  The ghost of math4jedi the Spry, an adept MiBe of Trog (Snake:3)
  16 shadow dragons
  Aizul (Snake:1)
  7 tengu reavers
  13 storm dragons
  9 protean progenitors
  12 nagarajas
  A daeva (Depths:3)
  Roxanne (Shoals:2)
  Ilsuiw (Shoals:4)
  An azure jelly (shapeshifter) (Zig:10)
  6 rockslimes
  8 azure jellies
  5 draconian knights
  8 iron dragons
  4 draconian scorchers
  5 draconian monks
  2 narguns (Zot:3)
  9 fire giants
  7 deep elf elementalists
  18 vault wardens
  A ghost moth (shapeshifter) (Elf:1)
  8 frost giants
  10 deep elf sorcerers
  4 ghost moths
  6 draconian shifters
  5 balrugs
  A broodmother (Zig:3)
  2 reapers
  19 ironbound preservers
  Louise (Elf:1)
  2 cacodemons
  2 draconian stormcallers
  3 angels (Zot:4)
  A demonspawn corrupter (D:2)
  A broodmother (shapeshifter) (Zig:11)
  11 draconian annihilators
  2 demonspawn blood saints
  2 orc warlords
  10 quicksilver oozes
  18 very ugly things
  8 stone giants
  9 ironbound thunderhulks
  5 formless jellyfish
  2 vampire knights (Depths:4)
  6 deep elf demonologists
  2 lorocyprocas
  3 demonspawn black suns (Zig:8)
  3 putrid mouths (Zig:12)
  5 green draconians
  The ghost of Tinen the Brawler, a journeyman TrMo of Wu Jian (D:12)
  An eleionoma (shapeshifter) (Zig:11)
  8 white draconians
  6 deep elf death magi (Elf:3)
  6 deep elf annihilators
  6 war gargoyles
  16 spark wasps
  12 black draconians
  8 red draconians
  A yellow draconian (shapeshifter) (Zig:10)
  14 purple draconians
  A minotaur (Gauntlet)
  11 yellow draconians
  4 green deaths
  A blizzard demon (Depths:3)
  9 dire elephants
  Josephine (D:15)
  3 entropy weavers
  16 fire dragons
  2 merfolk javelineers
  13 yaktaur captains
  10 ettins
  10 great orbs of eyes
  5 merfolk impalers
  3 deep elf high priests
  4 salamander tyrants
  Harold (Orc:1)
  Erolcha (Orc:1)
  5 rakshasas
  6 hydras
  5 ice dragons
  An ice dragon (shapeshifter) (Vaults:5)
  A spriggan zombie (Depths:1)
  A peacekeeper (Vaults:3)
  32 vault guards
  An ogre mage (Zig:2)
  A hell beast (Zig:8)
  16 centaur warriors
  5 merfolk aquamancers
  A death knight (D:14)
  2 merfolk avatars
  7 spriggan air magi
  15 anacondas
  2 alligator snapping turtles
  5 boulder beetles
  12 ironbound frosthearts
  A stoker (Hell)
  2 catoblepae
  31 dancing weapons
  4 two-headed ogres
  13 tengu warriors
  5 deep troll shamans
  A spectral fire giant (Zig:12)
  11 naga warriors
  A deep troll earth mage (Depths:4)
  5 satyrs
  2 spriggan berserkers
  4 occultists
  3 hell hogs (Hell)
  The ghost of cdecastro the Arsonist, a journeyman DEFE of Hepliaklqana (D:11)
  A demonic crawler (Hell)
  2 sun demons (Hell)
  10 shock serpents
  A soul eater (Hell)
  A shock serpent (shapeshifter) (Vaults:5)
  9 naga sharpshooters
  3 orc high priests
  Urug (Lair:3)
  10 skysharks
  15 hell knights
  An iron troll (Depths:4)
  8 salamander mystics
  3 sixfirhies
  13 deep elf knights
  2 goliath frogs (Shoals:2)
  5 skeletal warriors
  49 deep trolls
  2 glowing orange brains
  14 deep elf archers
  18 sea snakes
  13 mana vipers
  A deep troll (shapeshifter) (Vaults:5)
  5 death drakes
  A shadow demon (D:2)
  3 cherubim (Depths:3)
  11 naga ritualists
  6 arcanists
  An obsidian statue (Zot:5)
  A shadow dragon zombie (Vaults:3)
  An anaconda zombie (Hell)
  11 ironbound convokers
  25 deep elf pyromancers
  26 deep elf zephyrmancers
  A steelbarb worm (shapeshifter) (Depths:1)
  4 phantasmal warriors
  2 orc knights
  2 orange crystal statues (Zig:5)
  22 harpies
  8 necromancers
  7 lindwurms
  3 wolf spiders
  An ugly thing (shapeshifter) (Vaults:4)
  6 orc sorcerers
  A stone giant zombie (Depths:1)
  15 fauns
  14 manticores
  15 salamanders
  5 cyclopes
  3 shining eyes
  2 fauns (shapeshifter)
  An eye of devastation (Slime:5)
  A meliai (D:14)
  A meliai (shapeshifter) (D:10)
  2 ice statues (Zig:5)
  34 black mambas
  A kobold blastminer (Orc:2)
  2 spectral centaurs (Gauntlet)
  2 guardian serpents
  10 rust devils
  25 moths of wrath
  13 vault sentinels
  12 merfolk sirens
  An eye of devastation (shapeshifter) (Vaults:5)
  22 elephants
  38 ugly things
  2 water nymphs
  19 naga magi
  12 cane toads
  3 molten gargoyles (Lair:5)
  A yaktaur zombie (Vaults:3)
  A large abomination (D:7)
  A smoke demon (Zot:1)
  A water nymph (shapeshifter) (Vaults:5)
  An orange demon (D:9)
  3 gargoyles
  2 hellions
  10 komodo dragons
  A rime drake (shapeshifter) (Zig:10)
  A sea snake zombie (Hell)
  4 freezing wraiths
  5 kobold demonologists
  4 rime drakes
  An efreet (D:14)
  32 yaktaurs
  2 tormentors
  6 ice devils (Hell)
  4 anaconda simulacra (Hell)
  A sea snake skeleton (Hell)
  A troll (shapeshifter) (Elf:2)
  A silent spectre (Zig:12)
  A hydra zombie (Hell)
  7 polar bears
  5 trolls
  A queen bee (shapeshifter) (D:14)
  16 merfolk
  3 hellwings (Zot:1)
  A tyrant leech (Gauntlet)
  3 hornets
  5 wind drakes
  Prince Ribbit (D:7)
  A tarantella (Zig:3)
  5 dream sheep
  5 snapping turtles
  A jumping spider (Vaults:4)
  7 glass eyes
  75 slime creatures
  A slime creature (shapeshifter) (Depths:1)
  3 spriggans (D:12)
  A shadow (D:12)
  2 centaur simulacra
  3 wraiths
  12 wyverns
  3 vampires
  10 water elementals
  A spectral fire crab (Lair:5)
  2 ynoxinuls
  6 wargs
  6 fire elementals
  Eustachio (D:6)
  An elf zombie (Vaults:3)
  10 basilisks
  13 golden eyes
  54 yaks
  A golden eye (shapeshifter) (D:10)
  A neqoxec (D:10)
  4 steam dragons
  A redback (Vaults:2)
  10 vampire mosquitoes
  A redback simulacrum (D:14)
  Menkaure (D:4)
  A sea snake simulacrum (Hell)
  49 nagas
  A spectral cane toad (Lair:5)
  3 chaos spawn
  4 swamp worms (Gauntlet)
  An acid dragon (D:13)
  4 hell hounds (Lair:5)
  31 water moccasins
  24 orc warriors
  2 ice beasts
  A sky beast (shapeshifter) (D:14)
  2 sky beasts
  4 black bears
  3 laughing skulls (D:14)
  2 human zombies
  2 black mamba simulacra (Lair:5)
  2 boggarts
  7 ogres
  27 wolves
  10 centaurs
  5 kobold brigands
  5 earth elementals
  18 bullfrogs
  A scorpion (D:8)
  20 wights
  17 killer bees
  A dream sheep simulacrum (Lair:5)
  6 howler monkeys
  6 electric eels
  A torpor snail simulacrum (Lair:5)
  3 crimson imps (Depths:1)
  4 lava snakes (Lair:5)
  4 hounds
  2 bombardier beetles
  5 jellies
  21 orc priests
  3 gnoll boudas
  3 iron imps (Gauntlet)
  Ijyb (D:5)
  7 hell rats (Hell)
  5 iguanas
  46 orc wizards
  Robin (D:5)
  14 gnolls
  4 adders
  2 river rats (Lair:2)
  4 shadow imps
  A white imp (D:8)
  6 ufetubi
  9 dart slugs (D:4)
  2 ribbon worms
  69 orcs
  2 bats
  6 endoplasms
  A giant cockroach (D:3)
  9 goblins
  6 hobgoblins
  6 jackals
  3 quokkas
  5 ball pythons
  3 frilled lizards
  17 kobolds
  6 rats
  2 aspiring fleshes
  A creeping inferno (Hell)
  8 fire vortices
  2 spectral weapons (Zot:5)
  5 tentacles (Shoals:4)
2355 creatures vanquished.

Vanquished Creatures (collateral kills)
  Mennas (Vaults:5)
  Xtahua (Vaults:4)
  Boris (Vaults:4)
  4 Killer Klowns
  Vashnia (Snake:4)
  A curse toe (Zot:3)
  A caustic shrike (Depths:4)
  Saint Roka (Snake:4)
  Geryon (Hell)
  A golden dragon (Zot:3)
  A Tzitzimitl (Zig:12)
  2 Brimstone Fiends
  2 bone dragons (Zot:2)
  A walking earthen tome (Zot:3)
  A tainted leviathan (Zig:12)
  6 Orb Guardians (Zot:5)
  A walking crystal tome (Zot:3)
  Rupert (D:15)
  A tentacled monstrosity (Zot:3)
  3 sphinxes
  A quicksilver dragon (Zot:3)
  A deep elf blademaster (Elf:3)
  4 acid blobs
  2 searing wretches (Hell)
  An ancient champion (Hell)
  A storm dragon (Zot:3)
  2 nagarajas (Zig:9)
  A shadow dragon (Hell)
  A protean progenitor (Zot:4)
  2 tengu reavers (Vaults:5)
  A rockslime (Slime:5)
  A fire giant (Depths:1)
  An azure jelly (Slime:5)
  A daeva (Depths:3)
  A frost giant (Vaults:5)
  A draconian knight (Zot:1)
  An angel (Zot:4)
  3 vault wardens
  A draconian scorcher (Zot:1)
  A reaper (Depths:1)
  4 formless jellyfish
  4 ironbound preservers
  A quicksilver ooze (Slime:5)
  15 slime creatures
  A stone giant (Vaults:5)
  3 very ugly things
  2 ironbound thunderhulks
  A black draconian (Zot:1)
  2 deep elf death magi (Elf:3)
  3 deep elf demonologists
  A green draconian (Zot:1)
  2 vampire knights (Depths:4)
  A putrid mouth (Zig:12)
  5 deep elf annihilators (Elf:3)
  3 white draconians
  3 dire elephants
  A spark wasp (Depths:1)
  An ettin (Depths:1)
  2 yaktaur captains (Vaults:1)
  A merfolk impaler (Shoals:4)
  An entropy weaver (Vaults:2)
  A merfolk javelineer (Shoals:4)
  The ghost of Gadfly the Grappler, a journeyman TrSh of Ru (D:10)
  2 fire dragons (Zot:2)
  2 deep elf high priests
  2 great orbs of eyes (Vaults:2)
  2 rakshasas (Depths:3)
  3 vault guards
  2 ice dragons
  A spriggan air mage (Depths:4)
  3 ironbound frosthearts
  An alligator (Shoals:2)
  2 merfolk avatars (Shoals:1)
  2 centaur warriors
  2 boulder beetles (D:14)
  2 naga warriors
  2 merfolk aquamancers (Shoals:4)
  A titan zombie (Depths:1)
  3 dancing weapons (Elf:2)
  A spriggan berserker (Depths:4)
  6 hell knights
  5 shock serpents
  A hell hog (Hell)
  5 deep elf knights
  5 naga sharpshooters
  A skyshark (Shoals:1)
  A salamander mystic (Depths:4)
  An iron troll (Depths:1)
  4 sea snakes
  2 skeletal warriors (Hell)
  2 soul eaters (Hell)
  A death drake (Zot:3)
  4 mana vipers
  3 deep elf archers
  11 deep trolls
  A shadow demon (Zig:10)
  A swamp dragon (Zot:2)
  An arcanist (Vaults:4)
  2 lindwurms (Vaults:1)
  2 naga ritualists (Snake:4)
  3 ironbound convokers
  A harpy (Shoals:1)
  10 deep elf zephyrmancers
  A phantasmal warrior (Vaults:5)
  An elf skeleton (Vaults:4)
  4 deep elf pyromancers
  A necromancer (Depths:1)
  A salamander (shapeshifter) (D:10)
  6 ugly things
  6 fauns
  A cyclops (Shoals:1)
  8 salamanders
  6 manticores
  A fire giant zombie (Depths:1)
  4 merfolk sirens
  5 moths of wrath (Zot:3)
  A shining eye (Slime:2)
  8 black mambas
  5 naga magi
  A water nymph (Shoals:4)
  A guardian serpent (Snake:4)
  6 vault sentinels
  A fire giant skeleton (Vaults:4)
  An eye of devastation (Slime:5)
  An orange demon (Hell)
  A storm dragon simulacrum (Vaults:4)
  2 tormentors
  2 yaktaurs
  An ice devil (Hell)
  A red devil (D:7)
  A sea snake skeleton (Hell)
  5 merfolk
  2 wind drakes
  2 glass eyes
  A dream sheep (Shoals:1)
  A fire giant simulacrum (Vaults:4)
  4 snapping turtles
  An ettin skeleton (Depths:1)
  4 water elementals
  2 wraiths (D:15)
  A fire elemental (Zig:7)
  A warg (Snake:4)
  3 chaos spawn
  A neqoxec (D:10)
  2 vampire mosquitoes (D:14)
  9 nagas
  2 orc warriors
  An ice beast (Vaults:1)
  A wolf (Vaults:1)
  A crimson imp (Depths:1)
  3 orcs
  An aspiring flesh (Zot:4)
  2 fire vortices (Hell)
  2 tentacles (Shoals:4)
355 creatures vanquished.

Vanquished Creatures (others)
  A golden dragon (Zot:5)
  A deep elf master archer (Zig:7)
  A very ugly thing (Zig:11)
  A deep elf death mage (Elf:3)
  A salamander tyrant (Depths:4)
  A vault guard (Vaults:2)
  A deep troll (Vaults:3)
  2 deep elf zephyrmancers
  An orange demon (Depths:1)
  A smoke demon (Depths:1)
  An air elemental (Elf:1)
  A warg (Orc:1)
  2 chaos spawn (Zig:11)
  2 orc warriors (Orc:1)
  A lava snake (Lair:5)
  A creeping inferno (Hell)
  3 fire vortices
  4 tentacles (Shoals:4)
26 creatures vanquished.

Grand Total: 2736 creatures vanquished

Notes
Turn   | Place    | Note
-------+----------+-------------------------------------------
     0 | D:1      | SlowGraham the Gargoyle Hexslinger began the quest for the
                  | Orb.
     0 | D:1      | Reached XP level 1. HP: 12/12 MP: 2/2
   207 | D:1      | Reached XP level 2. HP: 16/16 MP: 3/3
   436 | D:1      | Reached skill level 1 in Armour
   534 | D:1      | Reached skill level 2 in Fighting
   586 | D:1      | Reached XP level 3. HP: 21/21 MP: 4/4
   926 | D:2      | You fall into a shaft and drop 1 floor!
   989 | D:3      | Reached skill level 1 in Maces & Flails
   989 | D:3      | Reached XP level 4. HP: 27/27 MP: 5/5
  1295 | D:2      | Found a faded altar of an unknown god.
  2280 | D:4      | Reached XP level 5. HP: 32/32 MP: 6/6
  2366 | D:4      | Found Oroufop's Weapon Shop.
  2451 | D:4      | Noticed Menkaure
  2458 | D:4      | Killed Menkaure
  2459 | D:4      | Reached skill level 3 in Fighting
  2459 | D:4      | Reached XP level 6. HP: 20/37 MP: 7/7
  2593 | D:4      | Noticed a black bear
  2600 | D:4      | Killed a black bear
  2776 | D:4      | Reached skill level 4 in Fighting
  2776 | D:4      | Reached XP level 7. HP: 43/43 MP: 8/8
  3063 | D:5      | Entered Level 5 of the Dungeon
  3089 | D:5      | Noticed Robin
  3090 | D:5      | Noticed Ijyb
  3103 | D:5      | Killed Ijyb
  3110 | D:5      | Killed Robin
  3203 | D:5      | Reached skill level 5 in Maces & Flails
  3286 | D:5      | Found a staircase to the Ecumenical Temple.
  3321 | Temple   | Entered the Ecumenical Temple
  3343 | Temple   | Became a worshipper of Gozag Ym Sagoz the Greedy
  3726 | D:6      | Noticed Eustachio
  3847 | D:6      | Reached XP level 8. HP: 48/48 MP: 9/9
  3863 | D:6      | Noticed a vampire
  3874 | D:6      | Reached skill level 5 in Fighting
  3900 | D:6      | Killed a vampire
  3901 | D:6      | Reached skill level 5 in Armour
  4031 | D:6      | Killed Eustachio
  4062 | D:6      | Found Kezocorr's Jewellery Emporium.
  4121 | D:6      | Found a bloodstained altar of Trog.
  4138 | D:6      | Found a shimmering blue altar of Sif Muna.
  4237 | D:6      | Reached skill level 6 in Fighting
  4449 | D:6      | Reached XP level 9. HP: 55/55 MP: 10/10
  4481 | D:6      | Identified the +6 long sword of Fatipsec {distort, ^Drain
                  | rF+ Will++ Int+3}
  4891 | D:7      | Noticed Prince Ribbit
  5008 | D:7      | Killed Prince Ribbit
  5161 | D:7      | Identified the +0 pair of boots of the Bagpipe {+Blink}
  5257 | D:7      | Found Huffel's Weapon Emporium.
  5313 | D:7      | Reached skill level 7 in Fighting
  5658 | D:7      | Reached XP level 10. HP: 24/64 MP: 11/11
  6010 | D:8      | Reached skill level 8 in Fighting
  6017 | D:8      | Reached skill level 10 in Maces & Flails
  6145 | D:7      | Bought a glimmering flail for 263 gold pieces
  6145 | D:7      | Identified the +5 flail "Eviscerator" {freeze, Dex+3} (You
                  | bought it in a shop on level 7 of the Dungeon)
  6260 | D:8      | Found a staircase to the Lair.
  6430 | D:8      | Noticed a kobold demonologist
  6432 | D:8      | Noticed a kobold demonologist
  6435 | D:8      | Noticed a kobold demonologist
  6445 | D:8      | Noticed a sun demon
  6446 | D:8      | Killed a kobold demonologist
  6457 | D:8      | Noticed a sun demon
  6928 | D:8      | Reached skill level 9 in Fighting
  6994 | D:8      | Noticed an orange demon
  6995 | D:8      | Killed a kobold demonologist
  6996 | D:8      | Reached XP level 11. HP: 69/71 MP: 12/12
  7338 | Lair:1   | Entered Level 1 of the Lair of Beasts
  7850 | Lair:1   | Reached skill level 1 in Shields
  7987 | Lair:1   | Reached skill level 10 in Fighting
  8207 | Lair:2   | Noticed a catoblepas
  8247 | Lair:2   | Killed a catoblepas
  8258 | Lair:2   | Reached skill level 10 in Armour
  8407 | Lair:2   | Reached XP level 12. HP: 77/77 MP: 13/13
  8792 | Lair:2   | Noticed a seven-headed hydra
  8802 | Lair:2   | Killed a seven-headed hydra
  8803 | Lair:2   | Reached skill level 5 in Shields
  9505 | Lair:3   | Reached skill level 11 in Fighting
  9527 | Lair:3   | Found a staircase to the Snake Pit.
  9567 | Lair:3   | Noticed Urug
  9577 | Lair:3   | Killed Urug
  9854 | Lair:3   | Noticed a skyshark
  9866 | Lair:3   | Killed a skyshark
  9867 | Lair:3   | Reached skill level 5 in Dodging
 10208 | Lair:3   | Found a staircase to the Shoals.
 10318 | Lair:4   | Noticed a skyshark
 10429 | Lair:4   | Reached skill level 12 in Fighting
 10445 | Lair:4   | Reached XP level 13. HP: 86/86 MP: 14/14
 10579 | Lair:3   | Reached skill level 13 in Fighting
 11592 | Lair:5   | Entered Level 5 of the Lair of Beasts
 11669 | Lair:5   | Found a staircase to the Slime Pits.
 11948 | Lair:5   | Found a runed translucent gate.
 12179 | Lair:5   | Gained mutation: Your large and strong wings let you fly.
                  | [Gargoyle growth]
 12179 | Lair:5   | Reached XP level 14. HP: 93/95 MP: 15/15
 12285 | Lair:5   | Reached skill level 14 in Fighting
 12311 | Lair:5   | Found a runed translucent gate.
 12311 | Lair:5   | Found a runed translucent gate.
 12316 | Lair:5   | Noticed Luam's ghost (journeyman OpFi)
 12343 | Lair:5   | Found a viscous altar of Jiyva.
 13018 | D:6      | Bought the ring "Kasemil" {rF+ AC+4 Slay+3} for 751 gold
                  | pieces
 13257 | Lair:5   | Found a large runed translucent door.
 13257 | Lair:5   | Found a large runed translucent door.
 13553 | Lair:5   | Identified a scroll of acquirement
 13554 | Lair:5   | Acquired a manual of Axes
 14073 | D:9      | Reached skill level 1 in Axes
 14137 | D:9      | Found Zuaxig's Antique Weapon Boutique.
 14165 | D:9      | Found Aniroc's Assorted Antiques.
 14174 | D:9      | Bought a cyan potion for 26 gold pieces
 15018 | D:10     | Entered Level 10 of the Dungeon
 15098 | D:10     | Found a runed translucent gate.
 15099 | D:10     | Found a runed translucent gate.
 15112 | D:10     | Found a runed translucent gate.
 15210 | D:10     | Found a staircase to the Orcish Mines.
 15602 | Orc:1    | Entered Level 1 of the Orcish Mines
 15602 | Orc:1    | Found Uqipy's General Store.
 15634 | Orc:1    | Noticed Erolcha
 15899 | Orc:1    | Killed Erolcha
 15908 | Orc:1    | Bought a potion of haste for 110 gold pieces
 15908 | Orc:1    | Bought a scroll of blinking for 82 gold pieces
 15908 | Orc:1    | Bought a scroll of identify for 22 gold pieces
 16184 | Orc:2    | Entered Level 2 of the Orcish Mines
 16194 | Orc:2    | Found a shimmering altar of Xom.
 16290 | Orc:2    | Reached skill level 10 in Shields
 16528 | Orc:2    | Reached skill level 5 in Axes
 16796 | Orc:2    | Found Cygaj's Armour Shoppe.
 16796 | Orc:2    | Found Koutob's Distillery.
 16797 | Orc:2    | Found Xanialing's Distillery.
 16804 | Orc:2    | Found Tinetofu's Antique Weapon Emporium.
 16946 | Orc:2    | Found a staircase to the Elven Halls.
 17085 | Orc:1    | Noticed an orc warlord
 17086 | Orc:1    | Noticed Harold
 17104 | Orc:2    | Killed an orc warlord
 17200 | Orc:1    | Killed Harold
 17670 | Orc:2    | Bought a potion of curing for 36 gold pieces
 17670 | Orc:2    | Bought a potion of heal wounds for 60 gold pieces
 17670 | Orc:2    | Bought a potion of mutation for 96 gold pieces
 17670 | Orc:2    | Bought 2 potions of mutation for 192 gold pieces
 17670 | Orc:2    | Bought a potion of heal wounds for 60 gold pieces
 17671 | Orc:2    | Bought a potion of resistance for 150 gold pieces
 17671 | Orc:2    | Bought a potion of heal wounds for 75 gold pieces
 17671 | Orc:2    | Bought a potion of haste for 150 gold pieces
 17671 | Orc:2    | Bought 2 potions of mutation for 240 gold pieces
 17733 | D:10     | Bought a +2 helmet of see invisible for 279 gold pieces
 17941 | D:11     | Reached XP level 15. HP: 94/101 MP: 16/16
 17952 | D:11     | Found a runed translucent door.
 17957 | D:11     | Noticed cdecastro's ghost (journeyman DEFE)
 17967 | D:11     | Killed cdecastro's ghost
 18636 | D:12     | Identified the +9 whip of Inference {freeze, Fly rN+}
 19100 | D:12     | Found a runed translucent door.
 19102 | D:12     | Noticed Tinen's ghost (journeyman TrMo)
 19110 | D:12     | Identified the +7 spear "Vurihel" {drain, Dex+2}
 19306 | D:12     | Identified the +6 leather armour "Guodwuuv" {Fly Int+3
                  | Dex+5 Stlth-}
 19430 | D:8      | Bought a +3 plate armour of willpower for 495 gold pieces
 19868 | D:12     | Killed Tinen's ghost
 19974 | D:13     | Found a gate to the Vaults.
 20059 | D:13     | Identified the +0 leather armour "Hebu Ydeneho" {rElec
                  | Str+5 Int+2 Stlth-}
 20181 | D:13     | Identified the +0 chain mail "Geannoeb" {Rampage rF+ Dex-2}
 20194 | D:13     | Found a gate leading to a gauntlet.
 20203 | Gauntlet | Entered a Gauntlet
 20203 | Gauntlet | Found a transporter.
 20203 | Gauntlet | Found a transporter.
 20203 | Gauntlet | Found a transporter.
 20207 | Gauntlet | Found a transporter.
 20209 | Gauntlet | Found a transporter.
 20209 | Gauntlet | Found a transporter.
 20219 | Gauntlet | Found the +7 great mace "Undeadhunter" {deathbane, rN+}
 20221 | Gauntlet | Found a transporter.
 20223 | Gauntlet | Found a transporter.
 20224 | Gauntlet | Found a transporter.
 20224 | Gauntlet | Found a transporter.
 20236 | Gauntlet | Found a transporter.
 20244 | Gauntlet | Found a transporter.
 20549 | Gauntlet | Acquired 777 gold pieces
 20551 | Gauntlet | Identified the ring of Ycexoer {rPois MP+9 EV+5 Int-4
                  | Dex+9}
 20585 | Gauntlet | Reached skill level 15 in Fighting
 20614 | Gauntlet | Identified the ring of Nuostraavu {Wiz Str+3 Dex+3}
 20626 | Gauntlet | Identified the +8 rapier "Newtbane" {vamp, Str+3 Int+3}
 22321 | D:14     | Found the +16 obsidian axe {drain, demonic, Mesm ^Drain Fly
                  | SInv}
 22381 | D:14     | Reached skill level 10 in Axes
 22479 | D:14     | Identified the +7 quarterstaff "Goysod" {elec, rPois rF-
                  | Dex+4}
 22632 | D:14     | Reached XP level 16. HP: 96/108 MP: 17/17
 23554 | D:15     | Entered Level 15 of the Dungeon
 23725 | D:15     | Identified the +1 ring mail of the Snake Pit {rF++ SInv}
 23777 | D:15     | Found a staircase to the Depths.
 23873 | D:15     | Noticed Agnes
 23879 | D:15     | Killed Agnes
 23918 | D:15     | Noticed Rupert
 23924 | D:15     | Killed Rupert
 24080 | D:15     | Reached skill level 16 in Fighting
 24117 | D:15     | Found a shadowy altar of Dithmenos.
 24170 | D:15     | Noticed Josephine
 24178 | D:15     | Killed Josephine
 24349 | D:15     | Noticed Jorgrun
 24356 | D:15     | Killed Jorgrun
 24357 | D:15     | Reached skill level 15 in Armour
 24857 | D:10     | Found a runed translucent gate.
 24857 | D:10     | Found a runed translucent gate.
 24976 | D:10     | Found a runed translucent gate.
 24976 | D:10     | Noticed Gadfly's ghost (journeyman TrSh)
 24995 | D:10     | Killed Gadfly's ghost
 25034 | D:10     | Gained mutation: You are clumsy. (Dex -2) [mutagenic glow]
 25222 | Snake:1  | Entered Level 1 of the Snake Pit
 25321 | Snake:1  | Identified the serpent talisman "Meopin" {rCorr Str+2
                  | Stlth-}
 25321 | Snake:1  | Noticed Aizul
 25332 | Snake:1  | Killed Aizul
 25492 | Snake:1  | Reached XP level 17. HP: 116/116 MP: 18/18
 26735 | Snake:2  | You are sucked into a shaft and drop 1 floor!
 28011 | Snake:3  | Reached skill level 17 in Fighting
 28675 | Snake:3  | Found a runed translucent door.
 28677 | Snake:3  | Noticed math4jedi's ghost (adept MiBe)
 28694 | Snake:3  | Killed math4jedi's ghost
 28702 | Snake:3  | Identified the +7 hand axe of Suti {venom, *Noise Fly
                  | Dex+2}
 28809 | Snake:4  | Entered Level 4 of the Snake Pit
 28891 | Snake:4  | Reached skill level 1 in Evocations
 28893 | Snake:4  | Reached XP level 18. HP: 124/124 MP: 19/19
 29181 | Snake:4  | Reached skill level 15 in Shields
 29377 | Snake:4  | Found Roli's General Store.
 29383 | Snake:4  | Bought a scroll of blinking for 82 gold pieces
 29383 | Snake:4  | Bought a potion of resistance for 110 gold pieces
 29546 | Snake:4  | Noticed Mlioglotl
 29550 | Snake:4  | Noticed Vashnia
 29558 | Snake:4  | Killed Mlioglotl
 29572 | Snake:4  | Noticed Asterion
 29576 | Snake:4  | Killed Vashnia
 29577 | Snake:4  | Reached skill level 18 in Fighting
 29578 | Snake:4  | Noticed Saint Roka
 29582 | Snake:4  | Killed Asterion
 29585 | Snake:4  | Reached skill level 15 in Axes
 29909 | Snake:4  | Killed Saint Roka
 30274 | Snake:4  | Got a serpentine rune of Zot
 30351 | Snake:4  | Reached skill level 5 in Evocations
 30704 | Shoals:1 | Entered Level 1 of the Shoals
 30890 | Shoals:1 | Reached XP level 19. HP: 127/131 MP: 20/20
 32000 | Shoals:2 | Reached skill level 19 in Fighting
 32219 | Shoals:2 | Noticed Roxanne
 32234 | Shoals:2 | Killed Roxanne
 32341 | Shoals:2 | Acquired the scarf of the Trees {+Inv, rC++ rN+ Int+3
                  | Dex+2}
 32342 | Shoals:2 | Acquired 265 gold pieces
 32770 | Shoals:4 | Entered Level 4 of the Shoals
 32966 | Shoals:4 | Identified the +7 bardiche of Internal Strife {flame, rElec
                  | rF+ rC+++ Will-}
 33088 | Shoals:4 | Identified the +12 hand axe "Weopaume" {antimagic, rC+
                  | Dex+3 Stlth+}
 33191 | Shoals:4 | Got a barnacled rune of Zot
 33221 | Shoals:4 | Found Udda's Antique Armour Shoppe.
 33311 | Shoals:4 | Noticed Ilsuiw
 33339 | Shoals:4 | Reached XP level 20. HP: 122/139 MP: 21/21
 33347 | Shoals:4 | Killed Ilsuiw
 33511 | Shoals:4 | Identified the +0 chain mail of the Crypt {rC+ Slay+3}
 33867 | Vaults:1 | Entered Level 1 of the Vaults
 34115 | Vaults:1 | Reached skill level 20 in Fighting
 34985 | Vaults:1 | Found Gaxtuguo's Antique Armour Shoppe.
 34995 | Vaults:1 | Bought an ancient plate armour for 980 gold pieces
 34995 | Vaults:1 | Identified the +1 plate armour of Fufrim {rCorr} (You
                  | bought it in a shop on level 1 of the Vaults)
 34997 | Vaults:1 | Bought a pair of embroidered gloves for 262 gold pieces
 34997 | Vaults:1 | Bought a pair of runed boots for 262 gold pieces
 35786 | Vaults:2 | Reached skill level 10 in Evocations
 35883 | Vaults:2 | Reached XP level 21. HP: 147/147 MP: 22/22
 36872 | Vaults:3 | Found a staircase to the Crypt.
 37218 | Vaults:3 | Reached skill level 21 in Fighting
 38196 | Vaults:4 | Acquired the +0 pair of fencer's gloves {Riposte Dex+3}
 38196 | Vaults:4 | Found the +0 pair of fencer's gloves {Riposte Dex+3}
 38218 | Vaults:4 | Found Udimoc's Assorted Antiques.
 38223 | Vaults:4 | Noticed Zenata
 38233 | Vaults:4 | Killed Zenata
 38241 | Vaults:4 | Bought a pair of scorched boots for 389 gold pieces
 38241 | Vaults:4 | Identified the +0 pair of boots of Hubris {rN+ Will+ Int+4}
                  | (You bought it in a shop on level 4 of the Vaults)
 38515 | Vaults:4 | Noticed Xtahua
 38540 | Vaults:4 | Killed Xtahua
 38979 | Vaults:4 | Reached XP level 22. HP: 148/156 MP: 23/23
 39001 | Vaults:4 | Noticed Boris
 39008 | Vaults:4 | Reached skill level 22 in Fighting
 39019 | Vaults:4 | Killed Boris
 39925 | D:9      | Bought a potion of invisibility for 232 gold pieces
 39925 | D:9      | Bought a potion of heal wounds for 145 gold pieces
 40082 | D:15     | Bought 2 scrolls of enchant armour for 255 gold pieces
 40082 | D:15     | Bought a scroll of enchant weapon for 127 gold pieces
 40087 | Depths:1 | Entered Level 1 of the Depths
 40117 | Depths:1 | Found a gateway to Hell.
 40472 | Depths:1 | Found a runed translucent door.
 40473 | Depths:1 | Found a runed translucent door.
 40474 | Depths:1 | Found a runed translucent door.
 40649 | Depths:1 | Found a shimmering altar of Xom.
 40970 | Depths:1 | Found a one-way gate to the infinite horrors of the Abyss.
 41417 | Depths:1 | Noticed a caustic shrike
 41438 | Depths:1 | Killed a caustic shrike
 41453 | Depths:1 | Noticed a caustic shrike
 41475 | Depths:1 | Killed a caustic shrike
 41476 | Depths:1 | Reached skill level 23 in Fighting
 41529 | Depths:1 | Identified the +4 ring mail of Xastreeja {rC+ Int+4}
 41725 | Depths:2 | Found a one-way gate leading to the halls of Pandemonium.
 41750 | Depths:2 | Noticed a golden dragon
 41751 | Depths:2 | Identified the +1 chain mail of Jakkiy Qiva {*Slow rC+ rN++
                  | Will+}
 41756 | Depths:2 | Killed a golden dragon
 41765 | Depths:2 | Noticed a caustic shrike
 41769 | Depths:2 | Killed a caustic shrike
 41794 | Depths:2 | Reached XP level 23. HP: 130/164 MP: 24/24
 41985 | Depths:2 | Noticed Boris
 41998 | Depths:2 | Killed Boris
 42078 | Depths:2 | Identified the +1 morningstar "Killer Klown's Peril" {pain,
                  | Fly rN+ Int+2}
 42167 | Depths:2 | Noticed a golden dragon
 42173 | Depths:2 | Killed a golden dragon
 42649 | Depths:3 | Found a hide-covered altar of Uskayaw.
 43105 | Depths:3 | Noticed Boris
 43116 | Depths:3 | Killed Boris
 43344 | Depths:3 | Found a corrupted altar of Lugonu.
 43375 | Depths:3 | Found a one-way gateway to a ziggurat.
 43924 | Depths:3 | Found an ornate altar of the Wu Jian Council.
 44182 | Depths:4 | Entered Level 4 of the Depths
 44292 | Depths:4 | Identified the ring "Qamefrae" {rPois rF+ rC- Int-2 Dex+9}
 44431 | Depths:4 | Identified the ring of Qouk Ibete {rPois rF- rCorr Str+2
                  | Dex+2 Stlth+}
 44476 | Depths:4 | Noticed a juggernaut
 44482 | Depths:4 | Killed a juggernaut
 44515 | Depths:4 | Noticed Vv
 44539 | Depths:4 | Killed Vv
 44765 | Depths:4 | Reached skill level 15 in Evocations
 44804 | Depths:4 | Reached skill level 24 in Fighting
 44872 | Depths:4 | Identified the ring of Miracles {rC+ rN+ Dex+3}
 44890 | Depths:4 | Noticed a caustic shrike
 44901 | Depths:4 | Killed a caustic shrike
 45193 | Depths:4 | Found a transporter.
 45249 | Depths:4 | Noticed a caustic shrike
 45254 | Depths:4 | Killed a caustic shrike
 45432 | Depths:4 | Found Ocoill's General Store.
 45442 | Depths:4 | Bought a potion of haste for 250 gold pieces
 45566 | Depths:4 | Found a transporter.
 45577 | Depths:4 | Reached XP level 24. HP: 157/174 MP: 24/24
 45638 | Depths:4 | Noticed a caustic shrike
 45645 | Depths:4 | Killed a caustic shrike
 45774 | Depths:4 | Found a gate to the Realm of Zot.
 45946 | Depths:4 | Found Hiligur's Antique Weapon Emporium.
 46069 | Depths:4 | Bought the ring "Poasocume" {rF+ Will+ rCorr} for 475 gold
                  | pieces
 46317 | Elf:1    | Entered Level 1 of the Elven Halls
 46349 | Elf:1    | Noticed Louise
 46358 | Elf:1    | Killed Louise
 46552 | Elf:1    | Identified the +7 whip "Culoiqol" {drain, rPois Stlth+}
 47016 | Elf:1    | Identified the +1 cloak of Lusidutsoq {^Drain Regen+ Dex+8
                  | Slay-6}
 47510 | Elf:2    | Found a runed translucent gate.
 47510 | Elf:2    | Found a runed translucent gate.
 47511 | Elf:2    | Found a runed translucent gate.
 47528 | Elf:2    | Noticed Norris
 47544 | Elf:2    | Killed Norris
 47549 | Elf:2    | Reached skill level 25 in Fighting
 48289 | Elf:3    | Entered Level 3 of the Elven Halls
 49116 | Elf:3    | Found the ring of the Octopus King {rN+ HP+2 AC+2 EV+2
                  | SH+2}
 49134 | Elf:3    | Reached XP level 25. HP: 132/182 MP: 24/24
 49134 | Elf:3    | Identified the +12 scimitar of the Forging Gods {spect,
                  | rElec rF+ Will+ Dex-4}
 49136 | Elf:3    | Identified the +5 plate armour of Immorality {rElec rN+
                  | Dex-2 Slay+3}
 49177 | Elf:3    | Identified the storm talisman of Hepsoz {Slay+2}
 49430 | Elf:3    | Identified the +1 sling of the Charmed God {flame, SInv}
 49886 | Vaults:5 | Entered Level 5 of the Vaults
 49948 | Vaults:5 | Reached skill level 5 in Ranged Weapons
 49991 | Vaults:5 | Noticed Mennas
 50004 | Vaults:5 | Killed Mennas
 50661 | Vaults:5 | Identified the ring "Taril" {Fly Int+2 Dex-5 Slay+2}
 50663 | Vaults:5 | Got the Almanac of Allied Curses
 50852 | Vaults:5 | Got a silver rune of Zot
 50855 | Vaults:5 | Identified the +9 hand axe "Hynuohav" {flame, rN+ MP+9}
 51123 | Vaults:5 | Identified the staff of Hepliaklqana's Delight {rElec rC-
                  | Dex+8 Air}
 51237 | Vaults:5 | Identified the amulet "Loribb" {Acrobat ^Drain rC++ Dex+5}
 51244 | Vaults:5 | Reached XP level 26. HP: 165/189 MP: 24/24
 51488 | Vaults:5 | Reached skill level 26 in Fighting
 51907 | Zot:1    | Entered Level 1 of the Realm of Zot
 52198 | Zot:1    | You are sucked into a shaft and drop 1 floor!
 53098 | Zot:1    | Reached skill level 10 in Ranged Weapons
 53991 | Zot:2    | Found the +4 dragonskin cloak
 53991 | Zot:2    | Noticed Tiamat
 54034 | Zot:2    | Killed Tiamat
 54441 | Zot:2    | Identified the +5 halberd "Worm" {freeze, rPois}
 54442 | Zot:2    | Identified the ring "Riestona" {Int+4 SInv}
 54457 | Zot:2    | Identified the +0 ring mail of Devotion {Will+}
 55289 | Zot:3    | Reached XP level 27. HP: 156/197 MP: 24/24
 55294 | Zot:3    | Reached skill level 27 in Fighting
 55319 | Zot:3    | Noticed an orb of fire
 55329 | Zot:3    | Gained mutation: Your body sometimes deteriorates upon
                  | taking damage. [an orb of fire]
 55330 | Zot:3    | Killed an orb of fire
 55794 | Zot:3    | Identified the +2 double sword "Efocw" {vamp, rF- Will-
                  | Dex+7}
 55932 | Zot:3    | Found a transporter.
 56199 | Zot:3    | Found a transporter.
 56201 | Zot:3    | Found the ring of the Octopus King {Wiz HP+2 AC+2 EV+2
                  | SH+2}
 56307 | Zot:3    | Identified the ring of Soal {Wiz rF+ Stlth+}
 56635 | Zot:4    | Found a transporter.
 56642 | Zot:4    | Found a transporter.
 56968 | Zot:4    | Found a shimmering altar of Xom.
 57023 | Zot:4    | Found a glowing silver altar of Zin.
 57042 | Zot:4    | Found a transporter.
 57043 | Zot:4    | Found a transporter.
 57365 | Zot:4    | Found a transporter.
 57367 | Zot:4    | Found a transporter.
 57444 | Zot:4    | Found a shimmering altar of Xom.
 57475 | Zot:5    | Entered Level 5 of the Realm of Zot
 57476 | Zot:5    | Noticed an ancient lich
 58157 | Zot:5    | Noticed a dread lich
 58169 | Zot:5    | Noticed an orb of fire
 58175 | Zot:5    | Killed a dread lich
 58188 | Zot:5    | Killed an orb of fire
 58195 | Zot:5    | Noticed an orb of fire
 58208 | Zot:5    | Gained mutation: Your health recovers twice as slowly from
                  | being drained. [an orb of fire]
 58210 | Zot:5    | Killed an orb of fire
 58641 | Zot:5    | Noticed an orb of fire
 58641 | Zot:5    | Gained mutation: You are dopey. (Int -2) [an orb of fire]
 58646 | Zot:5    | Gained mutation: You occasionally lose the ability to read
                  | scrolls when taking damage. [an orb of fire]
 58653 | Zot:5    | Noticed a dread lich
 58653 | Zot:5    | Noticed an ancient lich
 58655 | Zot:5    | Killed an orb of fire
 58657 | Zot:5    | Noticed an orb of fire
 58663 | Zot:5    | Noticed an orb of fire
 58671 | Zot:5    | Gained mutation: You passively dampen the noise of your
                  | surroundings. [an orb of fire]
 58675 | Zot:5    | Killed a dread lich
 58678 | Zot:5    | Killed an orb of fire
 58680 | Zot:5    | Killed an ancient lich
 58683 | Zot:5    | Gained mutation: You are very clumsy. (Dex -4) [an orb of
                  | fire]
 58687 | Zot:5    | Killed an orb of fire
 58719 | Zot:5    | Killed an ancient lich
 59071 | Hell     | Entered the Vestibule of Hell
 59072 | Hell     | Noticed Geryon
 59087 | Hell     | Killed Geryon
 59420 | Hell     | Found a gateway to the Iron City of Dis.
 59484 | Hell     | Found a gateway to the freezing wastes of Cocytus.
 59711 | Hell     | Found a gateway to the decaying netherworld of Tartarus.
 59798 | Hell     | Found a gateway to the ashen valley of Gehenna.
 60015 | Zig:1    | Entered Level 1 of a ziggurat
 60062 | Zig:2    | Entered Level 2 of a ziggurat
 60100 | Zig:3    | Entered Level 3 of a ziggurat
 60239 | Zig:3    | Identified the +3 longbow of Pain and Death {speed,
                  | *Corrode Int+2 SInv}
 60250 | Zig:4    | Entered Level 4 of a ziggurat
 60427 | Zig:5    | Entered Level 5 of a ziggurat
 60494 | Zig:6    | Entered Level 6 of a ziggurat
 60682 | Zig:6    | Identified the ring "Gaon" {rElec AC+4 Int+3 Dex+3}
 60691 | Zig:7    | Entered Level 7 of a ziggurat
 60724 | Zig:7    | Identified the +6 sling "Cisom" {heavy, ^Fragile Int+3
                  | Dex+6}
 60732 | Zig:7    | Got the Codex of the Blazing Impact
 60762 | Zig:8    | Entered Level 8 of a ziggurat
 60767 | Zig:8    | Noticed Pahir the pandemonium lord
 60811 | Zig:8    | Killed Pahir the pandemonium lord
 61001 | Zig:8    | Lost mutation: Your body sometimes deteriorates upon taking
                  | damage. [potion of mutation]
 61001 | Zig:8    | Lost mutation: You occasionally lose the ability to read
                  | scrolls when taking damage. [potion of mutation]
 61001 | Zig:8    | Lost mutation: You are dopey. (Int -2) [potion of mutation]
 61001 | Zig:8    | Gained mutation: Your magical capacity is low. (-10% MP)
                  | [potion of mutation]
 61001 | Zig:8    | Lost mutation: Your magical capacity is low. (-10% MP)
                  | [potion of mutation]
 61003 | Zig:9    | Entered Level 9 of a ziggurat
 61038 | Zig:9    | Reached skill level 10 in Dodging
 61040 | Zig:9    | Identified the staff of the Postmodern Xalams {rElec Int+3
                  | Air}
 61041 | Zig:9    | Identified the ring "Fosekesk" {Fly Slay+6}
 61080 | Zig:10   | Entered Level 10 of a ziggurat
 61179 | Zig:10   | Identified the +2 orcbow "Zaedia Veum" {flame, rF+}
 61200 | Zig:11   | Entered Level 11 of a ziggurat
 61204 | Zig:11   | Noticed Cifiwkox the pandemonium lord
 61207 | Zig:11   | Noticed Ibieh the pandemonium lord
 61211 | Zig:11   | Noticed Nehid the pandemonium lord
 61218 | Zig:11   | Killed Cifiwkox the pandemonium lord
 61238 | Zig:11   | Killed Nehid the pandemonium lord
 61244 | Zig:11   | Killed Ibieh the pandemonium lord
 61378 | Zig:11   | Identified the +0 ring mail of Rotini {rF- rCorr Int+10
                  | Dex-2}
 61388 | Zig:11   | Identified the ring "Wurchur" {rElec rC+ SInv}
 61389 | Zig:11   | Identified the ring of Citineda {rElec rPois EV+5 Int+3}
 61390 | Zig:11   | Identified the ring "Buenisso" {Will+ Dex+2}
 61412 | Zig:12   | Entered Level 12 of a ziggurat
 61634 | Zig:12   | Identified the +3 leather armour of Wauwnago {^Contam
                  | Dex+4}
 61675 | Zig:13   | Entered Level 13 of a ziggurat
 61707 | Zig:13   | Found the +10 zealot's sword {holy, Zealotry, *Rage rN+
                  | EV+3}
 61987 | Zig:13   | Identified the +4 arbalest "Suost" {flame, Str-5 Int+4
                  | SInv}
 61999 | Zig:13   | Got Ciedgh's Writings on Voltage
 62434 | Slime:1  | Entered Level 1 of the Pits of Slime
 62468 | Slime:2  | Reached skill level 15 in Ranged Weapons
 62699 | Slime:5  | Entered Level 5 of the Pits of Slime
 62842 | Slime:5  | Found a viscous altar of Jiyva.
 62844 | Slime:5  | Noticed the Royal Jelly
 62888 | Slime:5  | Killed the Royal Jelly
 63000 | Slime:5  | Identified the +1 quarterstaff of Yfigeak {flame, rN+ Str+3
                  | Stlth-}
 63003 | Slime:5  | Identified the ring of the Bespelling Jester {rPois Will+
                  | Int+3 Dex+2}
 63033 | Slime:5  | Got a slimy rune of Zot
 63068 | Slime:5  | Identified the +1 helmet of Theory {Int+2}
 63097 | Slime:5  | Identified the +0 ring mail "Yciu" {rN+}
 63118 | Slime:5  | Gained mutation: You have hidden genetic defects. [a
                  | shining eye]
 63123 | Slime:5  | Gained mutation: You sometimes lose your temper in combat.
                  | [a shining eye]
 63151 | Slime:5  | Lost mutation: Your health recovers twice as slowly from
                  | being drained. [potion of mutation]
 63151 | Slime:5  | Lost mutation: You sometimes lose your temper in combat.
                  | [potion of mutation]
 63151 | Slime:5  | Lost mutation: You have hidden genetic defects. [potion of
                  | mutation]
 63151 | Slime:5  | Gained mutation: You are weak. (Str -2) [potion of
                  | mutation]
 63151 | Slime:5  | Gained mutation: Your spells are a little easier to cast,
                  | but a little less powerful. [potion of mutation]
 64017 | Zot:5    | Bought a scroll of enchant weapon for 90 gold pieces
 64023 | Zot:5    | Got the Orb of Zot
 64216 | Depths:1 | Noticed Xumifemn the pandemonium lord
 64233 | Depths:1 | Killed Xumifemn the pandemonium lord
 64307 | D:13     | Noticed a seraph
 64640 | D:7      | Noticed Gehem the pandemonium lord
 64651 | D:7      | Killed Gehem the pandemonium lord
 64831 | D:$      | Escaped with the Orb!

Illustrated notes

Levels and vault maps discovered:
D:1:      lightli_arrival_chessboard, layout_basic
D:2:      layout_rooms, shapermc_ecumenical_altar_pompeii
D:3:      layout_basic
D:4:      kennysheep_slugbush, layout_cave_pods, serial_shops,
          nicolae_shop_behind_doors, uniq_menkaure
D:5:      layout_rooms, minmay_temple_entry_drinking_statues,
          nicolae_goblin_pals
D:6:      layout_basic, nzn_overflow_gifts_of_might_and_magic, serial_shops,
          shop, minmay_manual_moon, uniq_eustachio
D:7:      layout_gridville, serial_shops, nicolae_square_shop,
          dk_noncrumbling_3, uniq_prince_ribbit1
D:8:      layout_gridville, due_lair_maze_entry_diamond, minivault_24,
          minivault_21
D:9:      layout_basic, serial_shops, kennysheep_mini_moat, shop,
          nicolae_concentric_dashed_squares_wild, serial_bayou_pond_e
D:10:     layout_big_octagon, orc_0_dummy,
          ploomutoo_gammafunk_ghost_potion_laboratory
D:11:     layout_basic, ebering_ghost_reflecting_pool, minmay_crystal_water
D:12:     layout_loops_corners, ebering_ghost_funeral_grove
D:13:     layout_irregular_city, erik_vaults_1, gauntlet_entry_generic
D:14:     minmay_spiral_squares, layout_irregular_city
D:15:     hangedman_depths_entry_civil_slaughter, layout_loops_corners,
          grunt_dithmenos_smoke_and_mirrors, lemuel_nasty_fountain,
          uniq_josephine, uniq_jorgrun, uniq_agnes, uniq_rupert
Temple:   nicolae_temple_bog_church
Lair:1:   layout_chaotic_city, lemuel_fruit_fields
Lair:2:   layout_long_grid, minivault_24, pond, lemuel_fruit_fields
Lair:3:   layout_roguey, minmay_shoals_entry_lonely_mermaid,
          nicolae_snake_entry_squirm, grunt_megastairs_3, uniq_urug
Lair:4:   layout_long_grid, serial_bayou, serial_bayou_shore_b,
          serial_bayou_shore_b, serial_bayou_shore_b, serial_bayou_lagoon_a,
          serial_bayou_pond_b, grunt_megastairs_5, lemuel_fruit_fields,
          infiniplex_staircase_pool
Lair:5:   cheibrodos_lair_end_hotspot, layout_gridlike,
          nicolae_slime_entry_field_trip, gammafunk_ghost_necromancy,
          nicolae_quartered_pool_medium
Shoals:1: layout_shoals, nicolae_shoals_cliffside_cave
Shoals:2: layout_shoals, ldierk_geyser, nicolae_shoals_goliath_grotto,
          uniq_roxanne
Shoals:3: layout_shoals
Shoals:4: shoals_end_hangedman, layout_shoals, shoal_ilsuiw, serial_shops, shop
Snake:1:  layout_chambers, st_stairs_8, grunt_ministairs_15, drop_trap,
          uniq_aizul
Snake:2:  layout_chambers, serial_bayou_pond_b
Snake:3:  layout_rooms, ebering_ghost_reflecting_pool,
          nicolae_snake_gridmaze_tees, nicolae_snake_shapes
Snake:4:  johnstein_snake_rune_scales, layout_cave_town, serial_shops,
          nicolae_shop_rolling_square, nicolae_snake_gridmaze_squiggle,
          serial_bayou_pond_d, serial_bayou_shore_a, uniq_mlioglotl,
          uniq_vashnia, uniq_asterion, uniq_saint_roka
Slime:1:  layout_caves
Slime:2:  layout_caves
Slime:3:  layout_caves
Slime:4:  layout_caves, cheibrodos_slime_lost_civilization_6
Slime:5:  slime_pit
Orc:1:    layout_caves, serial_shops, shop, uniq_erolcha, uniq_harold
Orc:2:    st_orc_mages, layout_diamond_mine, basic_altar
Elf:1:    elf_arrival_002, layout_gridlike, hangedman_elf_disciples,
          amcnicky_mini_corridor_feature, hangedman_corner_corridor, uniq_louise
Elf:2:    elven_hall_of_blades_hangedman_original [mumra_blade_entry_dagger],
          layout_geoelf_diagonals, uniq_norris
Elf:3:    grunt_elf_hall_asides, layout_loops_ring
Vaults:1: hangedman_vaults_hard_town_square, v_misc_27,
          nicolae_vaults_closet_pinwheel_3, nicolae_vaults_mitosis,
          nicolae_vaults_closet_pinwheel_1, serial_ice_g,
          nicolae_vaults_meiosis, nicolae_vaults_trapezoid_lopsided_4,
          nicolae_vaults_little_squares_3, ontoclasm_vaults_shuriken,
          nicolae_vaults_three_branches, nicolae_vaults_tetromino_Z_1,
          nicolae_vaults_trapezoid_lopsided_1, nicolae_vaults_trapezoid_4,
          nicolae_vaults_house_2, layout_vaults_omnibox, serial_shops,
          shop_coins
Vaults:2: hangedman_vaults_locks, v_rooms_6, vaults_room_stairs_pillars,
          nicolae_vaults_network_quinsquares
          [nicolae_vaults_network_quincunx_subvault,
          nicolae_vaults_network_quincunx_subvault,
          nicolae_vaults_network_quincunx_subvault,
          nicolae_vaults_network_quincunx_subvault], v_pattern_2,
          nicolae_vaults_doubleplus_tesselated,
          nicolae_vaults_closet_pinwheel_6, nicolae_vaults_asterisk,
          layout_vaults_omnigrid
Vaults:3: grunt_vaults_swirl, grunt_vaults_bifocal,
          nicolae_vaults_quartermaster, v_misc_8, ontoclasm_vaults_ring_square,
          nicolae_vaults_offset_grid_hallway_1, ontoclasm_vaults_chip,
          nicolae_vaults_trapezoid_2, nicolae_vaults_house_3,
          nicolae_vaults_heart-shaped_vault, vaults_dpeg_cross,
          nicolae_vaults_closet_pinwheel_3, v_pattern_1,
          minmay_crypt_entry_nasty_monster, nicolae_vaults_trapezoid_lopsided_1,
          nicolae_vaults_house_2, layout_vaults_omnicross
Vaults:4: nicolae_vaults_wrenched, nicolae_vaults_double_plus_2,
          hangedman_vaults_nails, ontoclasm_vaults_ring_small, st_lattice,
          hangedman_vaults_snaps, nicolae_vaults_sightless_eye,
          nicolae_vaults_border_crossing, v_pattern_5, v_misc_8,
          nicolae_vaults_little_squares_2, layout_vaults_big_room, serial_shops,
          nicolae_shop_overgrown_old_shop, uniq_boris, uniq_xtahua, uniq_zenata
Vaults:5: uniq_mennas
Depths:1: minmay_the_grid_triangle_9x9_recursive_3
          [minmay_the_grid_triangle_9x9_corruption,
          minmay_the_grid_triangle_9x9_cache,
          minmay_the_grid_triangle_9x9_impossible_snake,
          minmay_the_grid_triangle_9x9_prize_top_heavy,
          minmay_the_grid_triangle_9x9_fully_insulated_deathbox,
          minmay_the_grid_triangle_9x9_stretched_checkered,
          minmay_the_grid_triangle_9x9_warning,
          minmay_the_grid_triangle_9x9_zippers_vertical,
          minmay_the_grid_triangle_9x9_corrupted_corridor], layout_long_grid,
          hell_entry, abyss_entry_small_statue_room,
          hangedman_abyss_or_decor_clamps, led_xom_imps
Depths:2: minmay_bad_star, layout_gridlike, pf_coc_iceberg, pan_entry
Depths:3: regret_index_uskayaw_diablada_macabre, layout_gridlike,
          enter_ziggurat_f, chequers_serial_rivers_micro_b,
          pf_hell_entry_tar_spiral, abyss_entry_flame_altar,
          rand_demon_pan_entry_1, nicolae_wu_jian_immortal_techniques
Depths:4: hangedman_spin_cycle, hell_entry, pan_entry, uniq_vv
Hell
Zot:1:    layout_gridlike
Zot:2:    layout_gridlike, st_grand_hoard_of_tiamat
Zot:3:    gammafunk_its_a_trap, layout_misc_corridors,
          nicolae_rock_paper_scissors
Zot:4:    dreamdust_zin_vs_xom, layout_onion, serial_nicolae_subway,
          nicolae_sub_station_crystal, nicolae_sub_station_stone,
          nicolae_sub_station_metal, lemuel_elevator
Zot:5:    layout_basic, grunt_ministairs_11

Skill      XL: |  1  2  3  4  5  6  7  8  9 10 11 12 13 14 15 16 17 18 19 20 21 22 23 24 25 26 27 |
---------------+----------------------------------------------------------------------------------+-----
Armour         | 1 2 3 4 5 7 8 10 11 12 13 15 16 17 19 20 22 | 22.3
Fighting       | 2 3 4 6 7 9 10 12 13 14 15 16 17 18 19 20 21 23 24 25 26 27 | 27.0
Maces & Flails | 1 2 3 4 5 7 9 11 12 14 | 14.0
Dodging        | 3 5 6 7 8 12 | 12.5
Shields        | 3 5 7 10 12 13 14 16 17 18 20 22 23 24 | 24.0
Axes           | 6 10 13 14 15 16 | 16.2
Evocations     | 1 5 7 10 12 13 15 16 17 18 25 | 25.8
Ranged Weapons | 7 12 16 | 16.7
Spellcasting   | |  1.0
Hexes          | |  2.6
Fire Magic     | |  1.0

Action                     |  1- 3 |  4- 6 |  7- 9 | 10-12 | 13-15 | 16-18 | 19-21 | 22-24 | 25-27 || total
---------------------------+-------+-------+-------+-------+-------+-------+-------+-------+-------++-------
  Melee: Dagger            |    95 |       |       |       |       |       |       |       |       ||    95
         Flail             |     9 |    43 |   238 |   618 |  1014 |       |       |       |       ||  1922
         Punch             |       |     1 |       |     6 |       |       |       |       |       ||     7
         Broad axe         |       |       |       |       |    59 |   767 |   921 |  1028 |  1751 ||  4526
         Whip              |       |       |       |       |   384 |       |       |       |       ||   384
         Hand axe          |       |       |       |       |    25 |       |       |       |       ||    25
   Fire: Sling             |    51 |    90 |   122 |   179 |   400 |       |       |       |       ||   842
  Throw: Dart              |       |       |     2 |     7 |     3 |       |       |       |       ||    12
         Boomerang         |       |       |     1 |       |     8 |     1 |     8 |       |     5 ||    23
 Invoke: Call Merchant     |       |       |       |     1 |     3 |     1 |       |     3 |     2 ||    10
         Potion Petition   |       |       |       |       |       |       |       |     1 |    18 ||    19
  Evoke: Wand              |       |       |       |       |    22 |       |       |     1 |     1 ||    24
         Condenser vane    |       |       |       |       |       |       |       |       |     6 ||     6
         Lightning rod     |       |       |       |       |       |       |       |       |     7 ||     7
         Phial of floods   |       |       |       |       |       |       |       |       |     1 ||     1
         Horn of Geryon    |       |       |       |       |       |       |       |       |     3 ||     3
         Phantom mirror    |       |       |       |       |       |       |       |       |     3 ||     3
         Sack of spiders   |       |       |       |       |       |       |       |       |     2 ||     2
    Use: Scroll            |       |     1 |    10 |    11 |    16 |     4 |     8 |     5 |    15 ||    70
         Potion            |       |       |     6 |     1 |     4 |     2 |       |     2 |    10 ||    25
   Stab: Petrifying        |       |       |       |     2 |       |       |       |       |       ||     2
         Petrified         |       |       |       |     1 |       |       |       |       |       ||     1
         Distracted        |       |       |       |       |     4 |    13 |    33 |    11 |    37 ||    98
         Confused          |       |       |       |       |       |       |     2 |       |     1 ||     3
         Sleeping          |       |       |       |       |       |       |       |     1 |       ||     1
         Invisible         |       |       |       |       |       |       |       |       |     9 ||     9
 Armour: Ring mail         |    62 |     7 |   296 |   425 |   622 |       |       |       |       ||  1412
         Plate armour      |       |    59 |    74 |       |   262 |   400 |   344 |   342 |   790 ||  2271
  Dodge: Dodged            |    59 |    28 |   220 |   344 |   494 |    94 |    86 |    81 |   165 ||  1571
  Block: Buckler           |       |       |       |    55 |    19 |       |       |       |       ||    74
         Kite shield       |       |       |       |       |   833 |   315 |       |       |       ||  1148
         Reflection        |       |       |       |       |    14 |   121 |   104 |    63 |    46 ||   348
         Tower shield      |       |       |       |       |       |   604 |   969 |   819 |  1474 ||  3866
Riposte: Broad axe         |       |       |       |       |       |       |    35 |   249 |   484 ||   768
